 Dungeon Crawl Stone Soup version 0.29-a0-845-g6161e89988 (webtiles) character file.

Game seed: 2391802119179556766

34956 tonyyikes the Marksant (level 14, -4/114 HPs)
             Began as a Formicid Hunter on June 27, 2022.
             Slain by a 13-headed hydra (9 damage)
             ... on level 3 of the Lair of Beasts on July 15, 2022.
             The game lasted 01:40:34 (21975 turns).

tonyyikes the Marksant (Formicid Hunter)           Turns: 21975, Time: 01:40:34

Health: -4/114     AC: 23    Str: 18    XL:     14   Next: 16%
Magic:  14/14      EV: 11    Int:  4    God:
Gold:   846        SH:  9    Dex: 21    Spells: 13/13 levels left

rFire   + . .      SeeInvis +   b - +7 Throatcutter {drain, coup de grace}
rCold   + . .      Faith    .   u - +2 buckler
rNeg    + + +      Spirit   .   Z - +4 ring mail of a Million Knives {*Corrode rF+ rN+++ Stlth+}
rPois   .          Reflect  .   (helmet unavailable)
rElec   .          Harm     .   D - +2 cloak {Stlth+}
rCorr   .          Rampage  .   n - +0 pair of gloves
Will    +....                   q - +2 pair of boots {Stlth+}
Stlth   +++++.....              i - amulet of regeneration
HPRegen 1.09/turn               z - +4 ring of slaying
MPRegen 0.14/turn               f - ring of the Ancients {rC+ AC+4 Int-4 SInv Stlth+}

@: no status effects
A: permanent stasis, dig shafts and tunnels, antennae 3, four strong arms
a: Dig, Shaft Self


You were on level 3 of the Lair of Beasts.
You visited 3 branches of the dungeon, and saw 15 of its levels.

You collected 918 gold pieces.
You spent 72 gold pieces at shops.

Inventory:

Hand Weapons
 a - a +0 arbalest
 b - the +7 Throatcutter (weapon) {drain, coup de grace}
   (You found it on level 9 of the Dungeon)

   A truly terrible weapon, it drains the life of any living foe it strikes.
   It may instantly kill foes which have little health.
 g - a +0 shortbow
 E - a +2 dagger of venom
 Q - a +3 quarterstaff of chaos
Missiles
 c - 10 boomerangs
 p - 35 poisoned darts (quivered)
 B - 2 throwing nets
 F - 2 javelins
 H - 15 atropa-tipped darts
 O - 4 curare-tipped darts
Armour
 n - a +0 pair of gloves (worn)
 q - a +2 pair of boots of stealth (worn)
 u - a +2 buckler (worn)
 v - the +5 ring mail of Amorality {rPois rC+ rN+ Int-4}
   (You found it on level 3 of the Dungeon)

   Int:       It affects your intelligence (-4).
   rC:        It protects you from cold.
   rPois:     It protects you from poison.
   rN:        It protects you from negative energy.
 D - a +2 cloak of stealth (worn)
 W - a scarf of repulsion
 Z - the +4 ring mail of a Million Knives (worn) {*Corrode rF+ rN+++ Stlth+}
   (You found it on level 3 of the Lair of Beasts)

   rF:        It protects you from fire.
   rN:        It renders you almost immune to negative energy.
   *Corrode:  It may corrode you when you take damage.
   Stlth:     It makes you more stealthy.
Jewellery
 f - the ring of the Ancients (right hand) {rC+ AC+4 Int-4 SInv Stlth+}
   (You found it on level 8 of the Dungeon)

   [ring of protection]

   AC:        It affects your AC (+4).
   Int:       It affects your intelligence (-4).
   rC:        It protects you from cold.
   SInv:      It lets you see invisible.
   Stlth:     It makes you more stealthy.
 i - an amulet of regeneration (around neck)
 s - an amulet of guardian spirit
 w - a ring of wizardry
 z - a +4 ring of slaying (left hand)
 C - a +4 ring of protection
 T - a ring of ice
 U - a ring of resist corrosion
 V - a ring of ice
Wands
 y - a wand of polymorph (8)
 G - a wand of light (7)
 L - a wand of iceblast (11)
 M - a wand of flame (3)
 R - a wand of digging (3)
Scrolls
 e - 3 scrolls of immolation
 j - 3 scrolls of enchant weapon
 l - 3 scrolls of fear
 m - a scroll of amnesia
 t - 2 scrolls of silence
 J - 2 scrolls of enchant armour
 S - 2 scrolls of fog
 X - 2 scrolls of identify
Potions
 d - 3 potions of heal wounds
 h - 3 potions of lignification
 k - 4 potions of cancellation
 o - a potion of mutation
 r - 11 potions of curing
 x - 7 potions of brilliance
 A - 2 potions of might
 I - a potion of degeneration
 K - 4 potions of magic {unknown}
 P - 2 potions of invisibility {unknown}
 Y - 3 potions of ambrosia {unknown}
Miscellaneous
 N - a phial of floods


   Skills:
 + Level 11.7 Fighting
 + Level 0.5(5.6) Short Blades
 + Level 9.1 Long Blades
 + Level 0.9 Staves
 + Level 15.6 Ranged Weapons
 + Level 0.5 Throwing
 + Level 8.7 Armour
 - Level 1.7 Dodging
 - Level 1.2 Stealth
 + Level 10.0 Shields


You had 13 spell levels left.
You didn't know any spells.
Your spell library contained the following spells:

 Spells                   Type           Power      Damage    Failure   Level
 Foxfire                  Conj/Fire      0%         2x1d4     71%         1
 Freeze                   Ice            0%         1d3       71%         1
 Slow                     Hex            0%         N/A       71%         1
 Summon Small Mammal      Summ           0%         N/A       71%         1
 Ensorcelled Hibernation  Hex/Ice        0%         N/A       85%         2
 Passwall                 Tmut/Erth      0%         N/A       85%         2
 Call Canine Familiar     Summ           0%         N/A       97%         3
 Confusing Touch          Hex            0%         N/A       97%         3
 Conjure Flame            Conj/Fire      0%         6-21      97%         3
 Dazzling Flash           Conj/Hex       0%         N/A       97%         3
 Frozen Ramparts          Ice            0%         1d2       97%         3
 Ignite Poison            Fire/Tmut/Pois 0%         N/A       97%         3
 Inner Flame              Hex/Fire       0%         N/A       97%         3
 Mephitic Cloud           Conj/Pois/Air  0%         N/A       97%         3
 Summon Guardian Golem    Hex/Summ       0%         N/A       97%         3
 Vampiric Draining        Necr           0%         2d6       97%         3
 Flame Wave               Conj/Fire      0%         2d4       100%        4
 Fulminant Prism          Conj/Hex       0%         3d6       100%        4
 Hailstorm                Conj/Ice       0%         3d3       100%        4
 Iskenderun's Mystic Bla  Conj/Tloc      0%         2d3       100%        4
 Fireball                 Conj/Fire      0%         3d3       100%        5
 Freezing Cloud           Conj/Ice/Air   0%         6-21      100%        5
 Iskenderun's Battlesphe  Conj           0%         2d6       100%        5
 Lee's Rapid Deconstruct  Erth           0%         3d5*      100%        5
 Summon Forest            Summ/Tloc      0%         N/A       100%        5
 Summon Mana Viper        Hex/Summ       0%         N/A       100%        5
 Yara's Violent Unravell  Hex/Tmut       0%         3d3       100%        5
 Conjure Ball Lightning   Conj/Air       0%         3x3d6     100%        6
 Starburst                Conj/Fire      0%         6d3       100%        6
 Summon Cactus Giant      Summ           0%         N/A       100%        6
 Enfeeble                 Hex            0%         N/A       100%        7
 Orb of Destruction       Conj           0%         9d5       100%        7
 Swiftness                Air            Unusable   N/A       N/A         3

Dungeon Overview and Level Annotations

Branches:
Dungeon (10/15)            Temple (1/1) D:4            Lair (4/6) D:9
 Shoals (0/4) Lair:3       Spider (0/4) Lair:2
    Orc: D:9-12

Altars:
Ashenzari
Cheibriados
Dithmenos
Elyvilon
Fedhas
Gozag
Hepliaklqana
Kikubaaqudgha
Makhleb
Nemelex Xobeh
Okawaru
Qazlal
Ru
Sif Muna
Trog
Uskayaw
Vehumet
Wu Jian
Xom
Yredelemnul
Zin
The Shining One

Shops:
D:2 ?   D:3 [   D:9 (   D:10 [


Innate Abilities, Weirdness & Mutations

You cannot be hasted, slowed, berserked, paralysed or teleported.
You can dig through walls and to a lower floor.
You have a pair of large antennae on your head. (SInv)
Your four strong arms can wield two-handed weapons with a shield.


Message History

The ten-headed hydra grows two more!
You slash the 12-headed hydra!
The 12-headed hydra is moderately wounded.
The 12-headed hydra completely misses you.
You block the 12-headed hydra's attack.
The 12-headed hydra bites you but does no damage.
The 12-headed hydra closely misses you. x3
You block the 12-headed hydra's attack.
The 12-headed hydra bites you but does no damage.
You block the 12-headed hydra's attack. The 12-headed hydra bites you.
* * * LOW HITPOINT WARNING * * *
The 12-headed hydra barely misses you.
The 12-headed hydra bites you but does no damage.
You slice one of the 12-headed hydra's heads off!
The 11-headed hydra grows two more!
You slash the 13-headed hydra!
The 13-headed hydra is moderately wounded.
The 13-headed hydra bites you but does no damage.
The 13-headed hydra misses you.
The 13-headed hydra bites you but does no damage. x3
You block the 13-headed hydra's attack.
The 13-headed hydra bites you but does no damage. x2
The 13-headed hydra bites you.
* * * LOW HITPOINT WARNING * * *
The 13-headed hydra bites you.
* * * LOW HITPOINT WARNING * * *
The 13-headed hydra barely misses you. The 13-headed hydra bites you!
* * * LOW HITPOINT WARNING * * *
You block the 13-headed hydra's attack.
The 13-headed hydra bites you but does no damage. x2
The 13-headed hydra barely misses you. The 13-headed hydra bites you.
* * * LOW HITPOINT WARNING * * *
The 13-headed hydra bites you!
* * * LOW HITPOINT WARNING * * *
The 13-headed hydra bites you but does no damage.
You block the 13-headed hydra's attack.
The 13-headed hydra bites you but does no damage.
The 13-headed hydra barely misses you.
The 13-headed hydra bites you but does no damage.
The 13-headed hydra closely misses you. You block the 13-headed hydra's attack.
The 13-headed hydra bites you!
You die...

.....................#
...................###
...................##
#..^........†>......#
.>†.............#####
##.............###
##............Dy# ###
##.#.......##D####.#
##.......####@..#.#
###.....# ##.#.## ###
#....## #...##
..#####.....####.#.##
..#.#.#...#.#.#..##.#
..†#†..........#.####
.......#.......###
###..###..#...##
......##......# ###


You could see a 13-headed hydra (drained) and an eight-headed hydra (drained).

Vanquished Creatures
  Josephine (D:9)
  6 hydras
  A centaur warrior (D:9)
  Harold (Lair:2)
  A two-headed ogre (D:10)
  4 death yaks
  A naga warrior (D:10)
  2 oklob plants (Lair:3)
  A cyclops (D:9)
  A manticore (D:10)
  An elephant (Lair:3)
  2 black mambas
  7 cane toads
  A rime drake (Lair:3)
  3 kobold demonologists
  6 komodo dragons
  A meliai (Lair:1)
  2 polar bears
  A hornet (D:7)
  A queen bee (Lair:3)
  A troll (D:10)
  8 blink frogs
  Sigmund (D:5)
  A shadow (D:10)
  27 yaks
  3 wraiths
  3 wyverns
  7 basilisks
  2 steam dragons
  9 vampire mosquitoes
  9 water moccasins
  A sky beast (D:8)
  A black bear (D:6)
  6 orc warriors
  An ice beast (D:7)
  19 wolves
  4 ogres
  5 centaurs
  6 kobold brigands
  2 phantoms
  A gnoll sergeant (D:10)
  5 bullfrogs
  2 necrophages (D:6)
  3 scorpions
  18 wights
  32 killer bees
  3 howler monkeys (D:9)
  5 hounds (D:6)
  3 jellies
  4 gnoll boudas
  3 orc priests
  Crazy Yiuf (D:2)
  Jessica (D:2)
  Ijyb (D:4)
  8 orc wizards
  2 hell rats (Lair:1)
  18 gnolls
  5 adders
  7 river rats
  A shadow imp (D:7)
  2 worms
  2 dart slugs
  35 orcs
  5 bats
  6 endoplasms
  2 giant cockroaches (D:1)
  6 goblins
  5 hobgoblins
  5 kobolds
  3 quokkas
  10 ball pythons
  5 frilled lizards
  11 rats
380 creatures vanquished.

Vanquished Creatures (others)
  A gnoll (D:7)
  22 fungi
  25 plants
48 creatures vanquished.

Grand Total: 428 creatures vanquished

Notes
Turn   | Place    | Note
-------+----------+-------------------------------------------
     0 | D:1      | tonyyikes the Formicid Hunter began the quest for the Orb.
     0 | D:1      | Reached XP level 1. HP: 16/16 MP: 1/1
   203 | D:1      | Reached XP level 2. HP: 22/22 MP: 2/2
   868 | D:1      | Reached XP level 3. HP: 27/27 MP: 3/3
  1657 | D:2      | Noticed Jessica
  1658 | D:2      | Reached skill level 5 in Ranged Weapons
  1661 | D:2      | Killed Jessica
  1662 | D:2      | Reached XP level 4. HP: 34/34 MP: 4/4
  2130 | D:2      | Found a runed translucent door.
  2131 | D:2      | Noticed Crazy Yiuf
  2178 | D:2      | Found Qeoxzadi's Magic Scroll Shoppe.
  2188 | D:2      | Bought a scroll of identify for 24 gold pieces
  2188 | D:2      | Bought a scroll of identify for 24 gold pieces
  2188 | D:2      | Bought a scroll of identify for 24 gold pieces
  2355 | D:3      | Found Fofiam's Armour Emporium.
  2507 | D:3      | Reached XP level 5. HP: 41/41 MP: 5/5
  2516 | D:3      | Identified the +5 ring mail of Amorality {rPois rC+ rN+
                  | Int-4}
  2873 | D:3      | Reached skill level 6 in Ranged Weapons
  3280 | D:4      | Reached XP level 6. HP: 47/47 MP: 6/6
  3438 | D:4      | Found a staircase to the Ecumenical Temple.
  3481 | Temple   | Entered the Ecumenical Temple
  3759 | D:4      | Noticed an ogre
  3990 | D:4      | Killed an ogre
  3991 | D:4      | Reached skill level 1 in Armour
  4283 | D:4      | Noticed Ijyb
  4316 | D:4      | Killed Ijyb
  4586 | D:4      | Reached skill level 7 in Ranged Weapons
  4586 | D:4      | Reached XP level 7. HP: 53/53 MP: 7/7
  4783 | D:5      | Entered Level 5 of the Dungeon
  5482 | D:5      | Reached skill level 1 in Shields
  6030 | D:5      | Noticed Sigmund
  6039 | D:5      | Killed Sigmund
  6040 | D:5      | Reached skill level 8 in Ranged Weapons
  6040 | D:5      | Reached XP level 8. HP: 48/60 MP: 5/8
  6665 | D:5      | Reached skill level 9 in Ranged Weapons
  7354 | D:6      | Reached skill level 5 in Fighting
  7354 | D:6      | Reached XP level 9. HP: 66/68 MP: 9/9
  7571 | D:6      | Reached skill level 10 in Ranged Weapons
  7750 | D:6      | Found a shadowy altar of Dithmenos.
  7908 | D:6      | Found a snail-covered altar of Cheibriados.
  8297 | D:2      | Killed Crazy Yiuf
  8449 | D:7      | Noticed a hornet
  8460 | D:7      | Killed a hornet
  8849 | D:7      | Reached skill level 11 in Ranged Weapons
  9218 | D:7      | Found an ancient bone altar of Kikubaaqudgha.
  9261 | D:7      | Reached XP level 10. HP: 77/77 MP: 10/10
  9642 | D:7      | Found an opulent altar of Gozag.
 10139 | D:8      | Identified the ring of the Ancients {rC+ AC+4 Int-4 SInv
                  | Stlth+}
 10583 | D:8      | Reached skill level 12 in Ranged Weapons
 10796 | D:8      | Found a hazy altar of Hepliaklqana.
 11195 | D:8      | Found a basalt altar of Yredelemnul.
 11300 | D:8      | Found a blossoming altar of Fedhas.
 11300 | D:8      | Found an iron altar of Okawaru.
 11305 | D:8      | Found an ornate altar of the Wu Jian Council.
 11378 | D:8      | Found a broken altar of Ashenzari.
 11903 | D:9      | Noticed a centaur warrior
 11909 | D:9      | Killed a centaur warrior
 11950 | D:9      | Found Ipian's Weapon Boutique.
 12194 | D:9      | Noticed a kobold demonologist
 12208 | D:9      | Noticed an orange demon
 12217 | D:9      | Killed a kobold demonologist
 12218 | D:9      | Reached skill level 5 in Armour
 12463 | D:9      | Noticed a death yak
 12516 | D:9      | Noticed a kobold demonologist
 12518 | D:9      | Noticed a kobold demonologist
 12519 | D:9      | Noticed a sixfirhy
 12540 | D:8      | Killed a kobold demonologist
 12541 | D:8      | Reached skill level 13 in Ranged Weapons
 12647 | D:8      | Killed a kobold demonologist
 12648 | D:8      | Reached XP level 11. HP: 86/86 MP: 11/11
 13027 | D:9      | Noticed a death yak
 13074 | D:10     | Entered Level 10 of the Dungeon
 13074 | D:10     | Noticed a cyclops
 13093 | D:9      | Noticed a death yak
 13124 | D:8      | Killed a death yak
 13311 | D:8      | Killed a death yak
 13312 | D:8      | Reached skill level 5 in Shields
 13381 | D:8      | Reached skill level 14 in Ranged Weapons
 13416 | D:8      | Killed a death yak
 13471 | D:9      | Found a staircase to the Lair.
 13857 | D:9      | Found the +7 Throatcutter {drain, coup de grace}
 13976 | D:9      | Killed a cyclops
 14202 | D:10     | Noticed Josephine
 14226 | D:9      | Killed Josephine
 14227 | D:9      | Reached skill level 1 in Long Blades
 14383 | D:10     | Found a stormy altar of Qazlal.
 14524 | D:10     | Found Wuikhy's Antique Armour Emporium.
 14563 | D:10     | Noticed a manticore
 14610 | D:10     | Found a shimmering altar of Xom.
 14628 | D:10     | Killed a manticore
 14629 | D:10     | Reached XP level 12. HP: 57/95 MP: 12/12
 14703 | D:10     | Noticed a two-headed ogre
 14707 | D:10     | Killed a two-headed ogre
 14824 | D:10     | Found a large runed translucent door.
 14825 | D:10     | Found a large runed translucent door.
 14857 | D:10     | Noticed a naga warrior
 15280 | D:10     | Found an iron altar of Okawaru.
 15280 | D:10     | Found an iron altar of Okawaru.
 15327 | D:10     | Killed a naga warrior
 15618 | Lair:1   | Entered Level 1 of the Lair of Beasts
 15654 | Lair:1   | Noticed an eight-headed hydra
 15659 | Lair:1   | Killed an eight-headed hydra
 15704 | Lair:1   | Reached skill level 5 in Long Blades
 17643 | Lair:1   | Reached skill level 10 in Fighting
 17818 | Lair:1   | Noticed a six-headed hydra
 17827 | Lair:1   | Killed a six-headed hydra
 17828 | Lair:1   | Reached skill level 15 in Ranged Weapons
 18422 | Lair:1   | Noticed a four-headed hydra
 18425 | Lair:1   | Killed a four-headed hydra
 18426 | Lair:1   | Reached XP level 13. HP: 104/104 MP: 13/13
 18772 | Lair:2   | Noticed a five-headed hydra
 19094 | Lair:2   | Killed a five-headed hydra
 19207 | Lair:2   | Found a hole to the Spider Nest.
 19290 | Lair:2   | Identified the +5 flail of the Protecting Wasp {flame,
                  | rPois rN+ Dex+6 Stlth+}
 19464 | Lair:2   | Noticed an eight-headed hydra
 19472 | Lair:2   | Killed an eight-headed hydra
 19513 | Lair:2   | Noticed Harold
 19694 | Lair:2   | Killed Harold
 20059 | Lair:2   | Upgraded the game from 0.29-a0-721-g7f417c9bbb to
                  | 0.29-a0-845-g6161e89988
 20173 | Lair:3   | Found a staircase to the Shoals.
 20334 | Lair:3   | Noticed a four-headed hydra
 20343 | Lair:3   | Killed a four-headed hydra
 21016 | Lair:3   | HP: 5/106 [killer bee (10)]
 21025 | Lair:3   | HP: 2/106 [killer bee (5)]
 21178 | Lair:3   | Reached XP level 14. HP: 113/113 MP: 14/14
 21492 | Lair:3   | Identified the +4 ring mail of a Million Knives {*Corrode
                  | rF+ rN+++ Stlth+}
 21869 | Lair:3   | Reached skill level 10 in Shields
 21975 | Lair:3   | HP: 5/114 [13-headed hydra (8)]
 21975 | Lair:3   | Slain by a 13-headed hydra

Illustrated notes

Levels and vault maps discovered:
D:1:      eino_arrival_tree_alley, layout_basic, st_stairs_8,
          minmay_tiny_reverse_x
D:2:      layout_basic, serial_shops, nicolae_shop_waterfront,
          wad_floor_pattern_2, uniq_crazy_yiuf_cottage, uniq_jessica
D:3:      layout_rooms, serial_shops, nicolae_shop_trees, dk_noncrumbling_3
D:4:      layout_loops_ring, minmay_temple_entry_wispy, nrook_mini_backslash,
          uniq_ijyb
D:5:      layout_loops_ring, uniq_sigmund
D:6:      layout_rooms, cheibrodos_worm_habitat, mainiacjoe_overflow_brackets,
          enter_ossuary_3, kennysheep_potato
D:7:      layout_loops_cross, kennysheep_mini_moat,
          nicolae_kikubaaqudgha_miasma_corner, hangedman_decor_push
D:8:      layout_loops_corners, minitemple, mainiacjoe_overflow_small_starburst,
          nicolae_ashenzari_panopticon, serial_co_window_serial,
          co_window_paths_b, co_window_paths_a, co_window_paths_a,
          co_window_paths_a, co_window_paths_b, co_window_2corner,
          co_window_corner_b, co_window_corner_b, co_window_cross_4,
          co_window_cross_3, glass_columns_a
D:9:      layout_loops_ring, dpeg_lair_monsters, serial_shops, shop_statue,
          dilly_guarded_unrand_throatcut
D:10:     okawaru_arena_lexackson, layout_cave_pools, kennysheep_little_box,
          xom_confusion_cloud, serial_shops, shop, uniq_josephine
Temple:   chequers_temple_sunken
Lair:1:   layout_cave_pods, kennysheep_rathole
Lair:2:   layout_cellular_growth, hellmonk_spider_entry_not_the_bees,
          uniq_harold
Lair:3:   regret_index_harrowing_hell_hive, layout_layer_cave,
          elwin_shoals_entry_rocks
Lair:4:   onia_ninara_swampy_vault, layout_concentric_octagons, pond

Skill      XL: |  1  2  3  4  5  6  7  8  9 10 11 12 13 14 |
---------------+-------------------------------------------+-----
Ranged Weapons | 5 6 7 8 9 11 13 14 15 | 15.6
Fighting       | 3 4 5 6 7 9 10 11 | 11.7
Armour         | 1 3 4 5 6 7 8 |  8.7
Shields        | 2 3 4 5 7 9 10 | 10.0
Long Blades    | 3 6 8 9 |  9.1
Short Blades   | |  0.5
Staves         | |  0.9
Throwing       | |  0.5
Dodging        | |  1.7
Stealth        | |  1.2

Action                   |  1- 3 |  4- 6 |  7- 9 | 10-12 | 13-15 || total
-------------------------+-------+-------+-------+-------+-------++-------
Melee: Quarterstaff      |       |       |    13 |       |       ||    13
       Dagger            |       |       |     6 |       |       ||     6
       Long sword        |       |       |       |   169 |   329 ||   498
 Fire: Shortbow          |    87 |   156 |   343 |    61 |       ||   647
       Arbalest          |       |       |       |   294 |    89 ||   383
Throw: Dart              |     2 |     3 |     2 |       |       ||     7
 Abil: Dig               |       |       |     1 |     3 |       ||     4
  Use: Scroll            |       |    10 |     2 |     6 |     1 ||    19
       Potion            |       |       |       |       |     3 ||     3
 Stab: Sleeping          |       |       |     1 |       |     4 ||     5
       Petrifying        |       |       |     1 |       |       ||     1
       Distracted        |       |       |       |       |     1 ||     1
Armor: Leather armour    |    10 |     4 |       |       |       ||    14
       Ring mail         |       |    16 |    69 |   189 |   329 ||   603
       Skin              |       |     5 |       |       |       ||     5
Dodge: Dodged            |    18 |    36 |    84 |   159 |   297 ||   594
Block: Buckler           |       |    19 |    64 |   139 |   294 ||   516

Table legend: (Time is in decaauts)
 A = Elapsed time spent in this place.
 B = Non-inter-level travel time spent in this place.
 C = Inter-level travel time spent in this place.
 D = Time resting spent in this place.
 E = Time spent auto-exploring this place.
 F = Levels seen in this place.
 G = Mean time per level.
                   A        B        C        D        E       F      G
               +--------+--------+--------+--------+--------+-----+--------+
         Total |  22389 |  21571 |    818 |   7290 |   8409 |  15 | 1492.6 |
       Dungeon |  15479 |  14763 |    716 |   5083 |   5736 |  10 | 1547.9 |
        Temple |    486 |    486 |      0 |    166 |    230 |   1 |  486.0 |
          Lair |   6423 |   6321 |    102 |   2040 |   2442 |   4 | 1605.8 |
               +--------+--------+--------+--------+--------+-----+--------+

Top non-repeatable levels by time:
  Lair:1: 3413 daAuts
     D:8: 2704 daAuts
     D:5: 2341 daAuts
     D:9: 2098 daAuts
  Lair:3: 1851 daAuts
     D:1: 1568 daAuts
     D:4: 1301 daAuts
    D:10: 1226 daAuts
     D:7: 1157 daAuts
     D:3: 1116 daAuts
  Lair:2: 1094 daAuts
     D:6: 1076 daAuts
     D:2: 889 daAuts
  Temple: 486 daAuts
  Lair:4: 63 daAuts
